 Dungeon Crawl Stone Soup version 0.16.1-12-gf5c4a84 (webtiles) character file.

11823 Leibowitz the Spear-Bearer (level 11, -1/94 HPs)
             Began as a Demigod Gladiator on Apr 10, 2015.
             Slain by a slime creature (13 damage)
             ... on level 11 of the Dungeon.
             The game lasted 00:59:12 (12571 turns).

Leibowitz the Spear-Bearer (Demigod Gladiator)     Turns: 12571, Time: 00:59:13

Health: -1/94      AC: 24    Str: 22    XL:     11   Next: 29%
Magic:  20/20      EV: 16    Int:  9    God:
Gold:   857        SH:  0    Dex: 18    Spells: 0 memorised, 10 levels left

rFire  + + .     SeeInvis .     a - +1 bardiche (venom)
rCold  . . .     Clarity  .     e - +3 ring mail {rF+}
rNeg   . . .     SustAb   +     (no shield)
rPois  .         Gourm    .     c - +0 helmet
rElec  +         Spirit   .     (no cloak)
rCorr  .         Warding  .     b - +5 pair of gloves of the Albatross {+Fly rF+ Int-3}
rMut   .         Stasis   .     o - +2 pair of boots
MR     +....                    (no amulet)
Stlth  ++........               (no ring)
                                (no ring)

@: somewhat resistant to hostile enchantments, unstealthy
A: talons 1, iridescent scales 1, electricity resistance, sustain abilities
a: Evoke Flight


You were on level 11 of the Dungeon.
You were hungry.

You visited 2 branches of the dungeon, and saw 13 of its levels.

You collected 1278 gold pieces.
You spent 421 gold pieces at shops.

Inventory:

Hand weapons
 a - a +1 bardiche of venom (weapon)
 h - a +0 trident of protection
Missiles
 n - 2 throwing nets
 r - 12 poisoned needles
 M - 3 poisoned tomahawks (quivered)
Armour
 b - the +5 pair of gloves of the Albatross (worn) {+Fly rF+ Int-3}
   (You bought it in a shop on level 7 of the Dungeon)

   It affects your intelligence (-3).
   It protects you from fire.
   It lets you fly.
 c - a +0 helmet (worn)
 e - a +3 ring mail of fire resistance (worn)
 o - a +2 pair of boots (worn)
Jewellery
 s - an uncursed ring of ice
Magical devices
 k - a wand of magic darts (8)
 t - a wand of heal wounds (6)
 v - a wand of confusion (8)
 F - a wand of polymorph (11)
 H - a wand of disintegration (5)
 I - a wand of frost (35)
 K - a wand of fireball (5)
Scrolls
 g - a scroll of remove curse
 q - 4 scrolls of recharging
 y - 3 scrolls of enchant weapon
 C - a scroll of amnesia
Potions
 f - 2 potions of cure mutation
 i - 2 potions of flight
 l - 4 potions of curing
 m - a potion of haste
 p - a potion of resistance
 u - 2 potions of heal wounds
 A - 2 potions of lignification
 G - 3 potions of brilliance
 J - a potion of restore abilities
Comestibles
 j - a beef jerky
 w - 3 royal jellies
 z - 2 bread rations
 B - 11 slices of pizza
 D - 2 fruits
 E - 5 meat rations


   Skills:
 + Level 7.8 Fighting
 + Level 10.7 Polearms
 + Level 2.2 Throwing
 * Level 7.6 Armour
 + Level 6.8 Dodging
 + Level 4.1 Stealth
 + Level 2.4 Evocations


You had 10 spell levels left.
You didn't know any spells.

Dungeon Overview and Level Annotations

Branches:
Dungeon (11/15)            Temple (0/1) D:6            Lair (0/8) D:11
    Orc (2/4) D:9

Shops:
D:7 [(

Annotations:
D:11 exclusion: oklob plant


Innate Abilities, Weirdness & Mutations

Your attributes are resistant to harm.
You have sharp toenails.
You are partially covered in iridescent scales (AC +4).
You are resistant to electric shocks.


Message History

The slime creature is heavily wounded.
The slime creature hits you! The slime creature misses you.
The slime creature hits you but does no damage.
The slime creature barely misses you. The orc hits you but does no damage.
The slime creature hits you but does no damage.
The slime creature hits you.
You barely miss the slime creature.
The slime creature is heavily wounded.
The slime creature closely misses you. The slime creature misses you.
The orc barely misses you. The slime creature hits you!
You completely miss the slime creature.
The slime creature is heavily wounded.
The slime creature misses you.
The slime creature hits you but does no damage.
The orc hits you but does no damage. The slime creature hits you!
* * * LOW HITPOINT WARNING * * *
The slime creature hits you.
* * * LOW HITPOINT WARNING * * *
The slime creature hits you!
You die...

#......>..........#
##.......?...#.....#
#............#.....#
#..................#
...##................#
##..............†#
#..oo.........†.##
####JJ...........##
#@J..........<.##.
#...####........†..
#..### ######......
#..# ##..... #..#
###... ...# #.. .. ..
#. .


You could see 3 slime creatures and 2 orcs.

Vanquished Creatures
  The ghost of jazmu the Arsonist, an experienced HEFE (D:8)
  A hill giant (D:10)
  An orc knight (Orc:2)
  An orb spider (shapeshifter) (D:10)
  2 ugly things
  2 trolls
  A wandering mushroom (D:7)
  A slime creature (D:11)
  A hungry ghost (D:7)
  A hippogriff (D:7)
  Eustachio (Orc:1)
  2 wolves (Orc:1)
  4 wyverns
  Grum (Orc:1)
  2 wargs
  6 yaks (D:9)
  A porcupine (D:11)
  7 orc warriors
  3 sky beasts
  3 phantoms
  A black bear (D:6)
  5 ice beasts
  5 centaurs
  8 ogres
  Sigmund (D:6)
  Duvessa (D:4)
  A crocodile (D:10)
  A gnoll sergeant (D:9)
  Blork the orc (D:8)
  3 giant frogs
  4 scorpions
  8 hounds
  Dowan (D:4)
  7 crimson imps
  A goliath beetle (D:6)
  11 orc priests
  4 jellies
  2 giant frog zombies (D:6)
  2 giant frog skeletons
  A centaur skeleton (D:9)
  4 iguanas
  12 orc wizards
  2 hell rats (D:11)
  8 worker ants
  A hound skeleton (D:9)
  7 gnolls
  A scorpion zombie (D:9)
  A worker ant zombie (D:10)
  14 adders
  2 river rats (D:11)
  4 shadow imps
  2 worms (D:5)
  An adder skeleton (D:8)
  6 giant geckos
  80 orcs
  25 bats
  24 goblins
  11 hobgoblins
  8 jackals
  5 quokkas
  6 giant cockroaches
  A giant gecko skeleton (D:4)
  4 giant newts
  A giant spore (D:9)
  18 kobolds
  A kobold zombie (D:9)
  An orc zombie (D:9)
  12 rats
  A spectral orc (D:5)
  20 ballistomycetes (D:9)
393 creatures vanquished.

Vanquished Creatures (others)
  An orc (D:10)
  A kobold (D:10)
  2 giant spores
4 creatures vanquished.

Grand Total: 397 creatures vanquished

Notes
Turn   | Place    | Note
--------------------------------------------------------------
     0 | D:1      | Leibowitz, the Demigod Gladiator, began the quest for the Orb.
     0 | D:1      | Reached XP level 1. HP: 17/17 MP: 2/2
    82 | D:1      | Reached skill level 3 in Dodging
   126 | D:1      | Reached XP level 2. HP: 18/24 MP: 3/3
   727 | D:2      | Gained mutation: You are resistant to electric shocks. [potion of mutation]
   727 | D:2      | Gained mutation: You are partially covered in iridescent scales (AC +4). [potion of mutation]
   810 | D:2      | Found a shadowy altar of Dithmenos.
   926 | D:2      | Reached XP level 3. HP: 29/29 MP: 5/5
  1674 | D:3      | Noticed a giant frog
  1694 | D:3      | Killed a giant frog
  1694 | D:3      | Reached skill level 1 in Armour
  1694 | D:3      | Reached XP level 4. HP: 28/36 MP: 7/7
  2010 | D:3      | Found a burning altar of Makhleb.
  2185 | D:3      | Found a sacrificial altar of Ru.
  2394 | D:4      | Found a roughly hewn altar of Beogh.
  2394 | D:4      | Noticed a wyvern
  2422 | D:3      | Killed a wyvern
  2422 | D:3      | Reached skill level 4 in Polearms
  2422 | D:3      | Reached skill level 1 in Evocations
  2422 | D:3      | Reached XP level 5. HP: 13/42 MP: 7/9
  2840 | D:3      | Reached skill level 1 in Stealth
  3015 | D:3      | Reached XP level 6. HP: 31/50 MP: 11/11
  3250 | D:4      | Found a shattered altar of Ashenzari.
  3459 | D:4      | Noticed an ogre
  3468 | D:4      | Killed an ogre
  3767 | D:4      | Found a deep blue altar of Sif Muna.
  3993 | D:5      | Entered Level 5 of the Dungeon
  4076 | D:5      | Found a glowing silver altar of Zin.
  4127 | D:5      | Found a basalt altar of Yredelemnul.
  4375 | D:5      | Noticed Dowan
  4376 | D:5      | Noticed Duvessa
  4428 | D:5      | Reached XP level 7. HP: 24/57 MP: 14/14
  4726 | D:4      | Killed Duvessa
  4726 | D:4      | Reached skill level 5 in Polearms
  4734 | D:4      | Killed Dowan
  5242 | D:5      | Found an opulent altar of Gozag.
  5279 | D:5      | Found a blossoming altar of Fedhas.
  5587 | D:6      | Found a staircase to the Ecumenical Temple.
  5588 | D:6      | Noticed Sigmund
  5618 | D:6      | Killed Sigmund
  5775 | D:6      | Reached skill level 6 in Polearms
  5791 | D:6      | Reached XP level 8. HP: 63/66 MP: 15/15
  6502 | D:7      | Identified a scroll of acquirement
  6538 | D:7      | Reached skill level 7 in Polearms
  6760 | D:7      | Gained mutation: You have sharp toenails. [potion of beneficial mutation]
  6806 | D:7      | Reached skill level 5 in Fighting
  6885 | D:7      | Found Pnapaatu's Antique Armour Shoppe.
  6902 | D:7      | Bought a pair of slimy gloves for 237 gold pieces
  6912 | D:7      | Identified the +5 pair of gloves of the Albatross {+Fly rF+ Int-3} (You bought it in a shop on level 7 of the Dungeon)
  6978 | D:7      | Found Qytamurema's Antique Weapon Emporium.
  6983 | D:7      | Bought a glowing trident for 84 gold pieces
  7107 | D:7      | Reached skill level 5 in Armour
  7146 | D:7      | Noticed a wandering mushroom
  7146 | D:7      | a giant spore changed into a wandering mushroom
  7156 | D:7      | Killed a wandering mushroom
  7156 | D:7      | Reached XP level 9. HP: 74/74 MP: 18/18
  7178 | D:8      | Noticed jazmu's ghost (experienced HEFE)
  7329 | D:8      | Killed jazmu's ghost
  7329 | D:8      | Reached skill level 8 in Polearms
  7553 | D:8      | Found an iron altar of Okawaru.
  7762 | D:8      | Noticed Blork the orc
  7999 | D:8      | Killed Blork the orc
  8132 | D:7      | Bought a runed ring mail for 100 gold pieces
  8406 | D:9      | Reached skill level 9 in Polearms
  8457 | D:9      | Found a staircase to the Orcish Mines.
  8540 | D:9      | Reached XP level 10. HP: 71/84 MP: 20/20
  8780 | D:9      | Found a bloodstained altar of Trog.
  8781 | D:9      | Found a white marble altar of Elyvilon.
  9066 | D:9      | Reached skill level 5 in Dodging
  9421 | Orc:1    | Entered Level 1 of the Orcish Mines
  9716 | Orc:1    | Noticed Eustachio
  9719 | Orc:1    | Killed Eustachio
  9726 | Orc:1    | Noticed Grum
  9732 | Orc:1    | Killed Grum
 10034 | Orc:1    | Reached skill level 10 in Polearms
 10678 | Orc:2    | Noticed an orc knight
 10702 | Orc:2    | Killed an orc knight
 11307 | D:10     | Entered Level 10 of the Dungeon
 11331 | D:10     | Noticed a hill giant
 11341 | D:10     | Killed a hill giant
 11356 | D:10     | Reached XP level 11. HP: 92/92 MP: 20/20
 11435 | D:10     | Noticed an orb spider
 11454 | D:10     | Killed an orb spider
 11581 | D:10     | Found a glowing silver altar of Zin.
 12541 | D:11     | Found a staircase to the Lair.
 12571 | D:11     | Slain by a slime creature

Action                   |  1- 3 |  4- 6 |  7- 9 | 10-12 || total
-------------------------+-------+-------+-------+-------++-------
Melee: Trident           |   175 |   206 |   291 |       ||   672
       Bardiche          |       |       |   273 |   499 ||   772
Throw: Throwing net      |       |     3 |       |       ||     3
       Tomahawk          |       |       |       |     5 ||     5
Evoke: Wand              |    16 |     2 |     7 |     1 ||    26
  Use: Scroll            |     6 |     6 |    10 |     2 ||    24
       Potion            |     1 |       |     3 |     2 ||     6
 Stab: Confused          |     1 |     2 |     2 |       ||     5
       Held in net/web   |       |     2 |       |       ||     2
       Fleeing           |       |       |     1 |       ||     1
       Sleeping          |       |       |       |     6 ||     6
       Distracted        |       |       |       |     2 ||     2
  Eat: Chunk             |     3 |     4 |    12 |    13 ||    32
       Bread ration      |       |     1 |     1 |       ||     2
       Fruit             |       |       |     1 |       ||     1
